 Dungeon Sprint DCSS version 0.23-a0-391-g8c51ad5 (webtiles) character file.

399 emperorscorpion the Covert (level 6, -3/32 HPs)
             Began as a Vine Stalker Enchanter on Oct 30, 2018.
             Was an Elder of Uskayaw.
             Slain by a centaur (6 damage)
             ... in the Dungeon (Sprint IX: "|||||||||||||||||||||||||||||").
             The game lasted 00:01:35 (269 turns).

emperorscorpion the Covert (Vine Stalker Enchanter)  Turns: 269, Time: 00:01:36

Health: -3/32      AC:  3    Str: 18    XL:     6   Next: 84%
Magic:  0/15       EV: 14    Int: 15    God:    Uskayaw [****..]
Gold:   0          SH:  0    Dex: 15    Spells: 10/16 levels left

rFire    . . .     SeeInvis .   a - +2 rapier (venom)
rCold    . . .     Gourm    .   (no shield)
rNeg     . . .     Faith    .   b - +0 robe
rPois    .         Spirit   +   (no helmet)
rElec    .         Reflect  .   (no cloak)
rCorr    .         Harm     .   q - +0 pair of gloves
MR       .....     NoTele   +   (no boots)
Stlth    ++++......             (no amulet)
HPRegen  0.50/turn              s - +3 ring of strength
MPRegen  0.14/turn              t - +3 ring of strength

@: slowed, very slow
A: fangs 2, regeneration 1, magic shield, antimagic bite, no potion heal 3, rot
immunity
a: Stomp, Line Pass, Renounce Religion


You were in the Dungeon.
You worshipped Uskayaw.
Uskayaw was noncommittal.
You were not hungry.

You visited 1 branch

Inventory:

Hand Weapons
 a - a +2 rapier of venom (weapon)
 e - a +1 dagger
 p - a +2 scimitar of freezing
Armour
 b - a +0 robe (worn)
 q - a +0 pair of gloves (worn)
 r - a +1 chain mail
Magical Staves
 n - an uncursed staff of energy
Jewellery
 s - a +3 ring of strength (left hand)
 t - a +3 ring of strength (right hand)
Wands
 m - a wand of iceblast (10)
Scrolls
 j - 2 scrolls of blinking
 k - 3 scrolls of remove curse
 l - 2 scrolls of amnesia
Potions
 f - 3 potions of heal wounds
 g - a potion of haste
 h - 4 potions of magic
 i - a potion of invisibility
 o - 5 potions of curing
Comestibles
 c - 2 chunks of flesh
 d - a ration


   Skills:
 + Level 2.9 Fighting
 + Level 4.2 Short Blades
 + Level 3.9 Dodging
 + Level 10.0 Stealth
 + Level 5.9 Spellcasting
 + Level 8.6 Hexes


You had 10 spell levels left.
You knew the following spells:

 Your Spells              Type           Power        Failure   Level  Hunger
a - Corona                Hex            ####...      1%          1    None
b - Ensorcelled Hibernat  Hex/Ice        ###...       3%          2    #......
c - Confuse               Hex            ####....     1%          3    ###....

Your spell library contained the following spells:

 Spells                   Type           Power        Failure   Level  Hunger
 Tukima's Dance           Hex            ####....     1%          3    ###....
 Dazzling Spray           Conj/Hex       ###...       8%          3    ###....


Dungeon Overview and Level Annotations

Branches:
Dungeon (1/1)

Altars:
Cheibriados
Dithmenos
Elyvilon
Fedhas
Gozag
Hepliaklqana
Kikubaaqudgha
Makhleb
Nemelex Xobeh
Okawaru
Qazlal
Ru
Sif Muna
Trog
Uskayaw
Vehumet
Wu Jian
Xom
Yredelemnul
Zin
The Shining One
Beogh
Jiyva
Lugonu


Innate Abilities, Weirdness & Mutations

You have extremely sharp teeth.
Your natural rate of healing is unusually fast.
When hurt, damage is shared between your health and your magic reserves.
Your bite disrupts and absorbs the magic of your enemies.
Potions cannot restore your health.
You are immune to rotting.


Message History

The centaur unwields a +0 shortbow.
The centaur misses you. The centaur closely misses you.
Uskayaw links your audience in an emotional bond!
You hit the centaur. You bite the centaur, but do no damage.
The centaur is moderately wounded.
The centaur barely misses you. The centaur completely misses you.
You hit the centaur.
The centaur is poisoned.
Your bite misses the centaur.
The centaur is heavily wounded.
The centaur is no longer sharing its pain.
The centaur hits you!
* * * LOW HITPOINT WARNING * * *
The centaur hits you.
* * * LOW HITPOINT WARNING * * *
You closely miss the centaur. You bite the centaur, but do no damage.
The centaur is heavily wounded.
The bullfrog is no longer sharing its pain.
The shadow imp is no longer sharing its pain.
The quokka zombie is no longer sharing its pain.
The centaur hits you!
You die...

▓+▓
▓.▓
▓F▓
▓5▓
▓Z▓
▓c▓
▓@▓
▓'▓
▓.▓
▓.▓
▓.▓
▓[▓
▓(▓
▓)▓
▓.▓


You could see a bullfrog, a centaur, a shadow imp and a quokka zombie.

Vanquished Creatures
  A hippogriff (D)
  A wraith (D)
  A scorpion (D)
  An orc wizard (D)
  A dart slug (D)
  A leopard gecko (D)
  An orc (D)
  A goblin (D)
  A frilled lizard (D)
  A giant cockroach zombie (D)
  A kobold (D)
  A rat (D)
12 creatures vanquished.

Notes
Turn   | Place    | Note
-------+----------+-------------------------------------------
     0 | D        | emperorscorpion the Vine Stalker Enchanter began the quest
                  | for the Orb.
     0 | D        | Reached XP level 1. HP: 9/9 MP: 4/4
     5 | D        | Reached skill level 4 in Stealth
    17 | D        | Reached skill level 1 in Short Blades
   138 | D        | Noticed an orc wizard
   138 | D        | Noticed a scorpion
   141 | D        | Reached XP level 2. HP: 13/13 MP: 6/6
   148 | D        | Killed a scorpion
   148 | D        | Reached skill level 6 in Stealth
   148 | D        | Reached skill level 5 in Hexes
   148 | D        | Reached XP level 3. HP: 17/17 MP: 7/9
   148 | D        | Gained mutation: Your natural rate of healing is unusually
                  | fast. [Vine Stalker growth]
   148 | D        | Reached XP level 4. HP: 21/21 MP: 7/10
   170 | D        | Found a roughly hewn altar of Beogh.
   170 | D        | Found a snail-covered altar of Cheibriados.
   170 | D        | Found a shadowy altar of Dithmenos.
   170 | D        | Found a white marble altar of Elyvilon.
   170 | D        | Found a blossoming altar of Fedhas.
   170 | D        | Found an opulent altar of Gozag.
   171 | D        | Found a hazy altar of Hepliaklqana.
   172 | D        | Found a viscous altar of Jiyva.
   173 | D        | Found an ancient bone altar of Kikubaaqudgha.
   174 | D        | Found a corrupted altar of Lugonu.
   175 | D        | Found a burning altar of Makhleb.
   176 | D        | Found a sparkling altar of Nemelex Xobeh.
   177 | D        | Found an iron altar of Okawaru.
   178 | D        | Found a stormy altar of Qazlal.
   179 | D        | Found a sacrificial altar of Ru.
   180 | D        | Found a deep blue altar of Sif Muna.
   181 | D        | Found a bloodstained altar of Trog.
   182 | D        | Found a hide-covered altar of Uskayaw.
   183 | D        | Found a radiant altar of Vehumet.
   184 | D        | Found an ornate altar of the Wu Jian Council.
   185 | D        | Found a shimmering altar of Xom.
   186 | D        | Found a basalt altar of Yredelemnul.
   187 | D        | Found a glowing silver altar of Zin.
   188 | D        | Found a glowing golden altar of the Shining One.
   190 | D        | Became a worshipper of Uskayaw the Reveler
   239 | D        | Learned a level 2 spell: Ensorcelled Hibernation
   253 | D        | Learned a level 3 spell: Confuse
   253 | D        | Noticed a bullfrog
   253 | D        | Noticed a centaur
   253 | D        | Noticed a wraith
   253 | D        | Noticed a hippogriff
   257 | D        | Reached * piety under Uskayaw
   259 | D        | Reached ** piety under Uskayaw
   260 | D        | Killed a hippogriff
   260 | D        | Reached skill level 9 in Stealth
   260 | D        | Reached skill level 5 in Spellcasting
   260 | D        | Reached XP level 5. HP: 13/26 MP: 9/13
   260 | D        | Reached XP level 6. HP: 15/30 MP: 9/14
   264 | D        | Reached *** piety under Uskayaw
   265 | D        | Killed a wraith
   265 | D        | Reached skill level 10 in Stealth
   265 | D        | Reached **** piety under Uskayaw
   269 | D        | Slain by a centaur

Vault maps used:
D:        linesprint

Skill      XL: |  1  2  3  4  5  6 |
---------------+-------------------+-----
Stealth        | 4 6 9 10 | 10.0
Short Blades   | 1 3 4 |  4.2
Dodging        | 2 3 |  3.9
Spellcasting   | 3 5 |  5.9
Hexes          | 5 7 8 |  8.6
Fighting       | 2 |  2.9

Action                   |  1- 3 |  4- 6 || total
-------------------------+-------+-------++-------
Melee: Dagger            |    20 |    10 ||    30
       Bite              |     4 |     8 ||    12
       Rapier            |       |    13 ||    13
 Cast: Confuse           |       |     1 ||     1
  Use: Potion            |     1 |       ||     1
 Stab: Confused          |       |     1 ||     1
       Paralysed         |       |     1 ||     1
Armor: Robe              |     1 |     1 ||     2
Dodge: Dodged            |     7 |    12 ||    19

Table legend:
 A = Non-vault XP
 B = Vault XP
 C = Vault XP percentage of total XP
 D = Non-vault monster count
 E = Vault monster count
 F = Vault count percentage of total count
                 A         B        C        D         E       F
            +---------+---------+-------+---------+---------+-------
      Total |       0 |     570 | 100.0 |       0 |      12 | 100.0
            +---------+---------+-------+---------+---------+-------
          D |       0 |     570 | 100.0 |       0 |      12 | 100.0
            +---------+---------+-------+---------+---------+-------
